 Dungeon Crawl Stone Soup version 0.31.0-7-gf635a9b802 (webtiles) character file.

Game seed: 15185952609587710767

134 jagang the Trooper (level 5, 0/42 HPs)
             Began as a Human Monk on Jan 23, 2024.
             Slain by an orc
             ... wielding a +0 trident
              (5 damage)
             ... on level 3 of the Dungeon.
             The game lasted 00:04:05 (1929 turns).

jagang the Trooper (Human Monk)                     Turns: 1929, Time: 00:04:06

Health: 0/42       AC:  3    Str: 12    XL:     5   Next: 17%
Magic:  5/5        EV: 12    Int: 10    God:
Gold:   80         SH:  0    Dex: 17    Spells: 4/4 levels left

rFire   . . .        a - +0 falchion
rCold   . . .        d - orb {light}
rNeg    . . .        f - +0 leather armour
rPois   .            (no helmet)
rElec   .            (no cloak)
rCorr   .            (no gloves)
SInv    .            (no boots)
Will    .....        (no amulet)
Stlth   +            (no ring)
HPRegen 0.27/turn    (no ring)
MPRegen 0.09/turn

%: no passive effects
@: glowing
A: explore regen
a: no special abilities


You were on level 3 of the Dungeon.
You visited 1 branch of the dungeon, and saw 3 of its levels.

You collected 132 gold pieces.
You spent 52 gold pieces at shops.

Inventory:

Hand Weapons
 a - a +0 falchion (weapon)
Armour
 b - a +0 robe
 d - an orb of light (worn)
 f - a +0 leather armour (worn)
Wands
 n - a wand of mindburst (17)
Scrolls
 e - a scroll of enchant armour {unknown}
 h - 6 scrolls of identify
 k - 2 scrolls of teleportation {unknown}
 l - a scroll of noise {unknown}
 m - a scroll of fog {unknown}
Potions
 c - a potion of ambrosia
 g - 2 potions of might {unknown}
 i - a potion of attraction {unknown}
 j - 3 potions of curing {unknown}


   Skills:
 * Level 4.1 Fighting
 * Level 4.0 Long Blades
 * Level 2.4 Armour
 - Level 3.0 Dodging


You had 4 spell levels left.
You didn't know any spells.
Your spell library was empty.

Dungeon Overview and Level Annotations

Branches:
Dungeon (3/15)

Altars:
Wu Jian

Shops:
D:2 ?

Annotations:
D:3 1 transporter


Innate Abilities, Weirdness & Mutations

You regain HP and MP as you explore.


Message History

You hit the orc wizard.
The orc wizard is almost dead.
The orc wizard completely misses you.
An orc comes into view. It is wielding a +0 trident.
The orc barely misses you.
You barely miss the orc wizard.
The orc wizard is almost dead.
The orc wizard hits you with a +0 dagger.
The orc closely misses you. The orc hits you with a +0 whip.
You hit the orc wizard.
You kill the orc wizard!
The orc barely misses you.
An orc comes into view. It is wielding a +0 short sword.
Your Long Blades skill increases to level 4!
You have reached level 5!
You hit the orc but do no damage.
The orc hits you from afar with a +0 trident!
You hit the orc.
The orc is heavily wounded.
The orc hits you with a +0 whip.
You hit the orc but do no damage.
The orc is heavily wounded.
The orc closely misses you. The orc hits you with a +0 trident.
You barely miss the orc. The orc hits you with a +0 whip.
* * * LOW HITPOINT WARNING * * *
You hit the orc but do no damage. The orc barely misses you.
The orc closely misses you.
The orc curses to no one in particular.
You hit the orc but do no damage. The orc hits you with a +0 whip.
* * * LOW HITPOINT WARNING * * *
The orc hits you but does no damage. The orc barely misses you.
Okay, then.
You hit the orc but do no damage. The orc misses you.
The orc hits you with a +0 whip.
* * * LOW HITPOINT WARNING * * *
The orc closely misses you. The orc hits you with a +0 whip.
* * * LOW HITPOINT WARNING * * *
The orc closely misses you. The orc hits you with a +0 trident.
You die...

....# #........##. ....#
#........... ....#####
#.........# ....#...#
#.........####+###
....#.#.###.................
............................
.#.............†............
.+..............oo..........
.#.........#####@#.)o.o##
#.........# #o##o#..#
#.........# #o...#..#
########### ######..# ..#
... ##.#


oo You could see 4 orcs.

Vanquished Creatures
  2 orc wizards
  3 adders (D:2)
  A ribbon worm (D:2)
  3 orcs (D:2)
  5 ball pythons (D:1)
  4 endoplasms
  3 giant cockroaches
  7 goblins
  4 hobgoblins
  3 jackals (D:2)
  3 kobolds
  3 quokkas (D:1)
  5 bats
  3 frilled lizards (D:1)
  4 rats
53 creatures vanquished.

Notes
Turn   | Place    | Note
-------+----------+-------------------------------------------
     0 | D:1      | jagang the Human Monk began the quest for the Orb.
     0 | D:1      | Reached XP level 1. HP: 18/18 MP: 1/1
   134 | D:1      | Reached XP level 2. HP: 24/24 MP: 2/2
   255 | D:1      | Reached skill level 1 in Armour
   430 | D:1      | Reached XP level 3. HP: 24/29 MP: 3/3
   843 | D:2      | Found Tius's Magic Scroll Shop.
   887 | D:2      | Bought a scroll of identify for 26 gold pieces
   887 | D:2      | Bought a scroll of identify for 26 gold pieces
  1244 | D:2      | Reached XP level 4. HP: 29/37 MP: 4/4
  1618 | D:2      | Found a faded altar of an unknown god.
  1684 | D:3      | Found a transporter.
  1829 | D:3      | Noticed a phantom
  1832 | D:3      | Noticed a water moccasin
  1859 | D:3      | Noticed an ogre
  1861 | D:3      | Found an ornate altar of the Wu Jian Council.
  1919 | D:3      | Reached XP level 5. HP: 30/42 MP: 5/5
  1929 | D:3      | Slain by an orc

Illustrated notes

Levels and vault maps discovered:
D:1:      doesnt_arrival_eight_statues, layout_basic,
          nicolae_kite_square_tiling_tiny, hangedman_feature_mirror
D:2:      layout_loops_corners, serial_shops, shop,
          shapermc_ecumenical_altar_mp_urbaneastern
D:3:      layout_basic, gammafunk_temple_overflow_arena

Skill      XL: |  1  2  3  4 |
---------------+-------------+-----
Armour         | 1 2 |  2.4
Fighting       | 4 |  4.1
Long Blades    | 4 |  4.0
Dodging        | |  3.0

Action                     |  1- 3 |  4- 6 || total
---------------------------+-------+-------++-------
  Melee: Falchion          |    88 |    63 ||   151
 Armour: Robe              |     2 |       ||     2
         Leather armour    |    42 |    35 ||    77
  Dodge: Dodged            |    44 |    50 ||    94
